 Dungeon Crawl Stone Soup version 0.30-a0-149-g7f746667c4 (webtiles) character file.

Game seed: 7333596964818634912

34 LnG the Caller (level 3, -2/19 HPs)
             Began as a Kobold Summoner on Sept 26, 2022.
             Killed from afar by Sigmund (5 damage)
             ... with a magic dart
             ... on level 2 of the Dungeon.
             The game lasted 00:04:40 (1691 turns).

LnG the Caller (Kobold Summoner)                    Turns: 1691, Time: 00:04:41

Health: -2/19      AC:  3    Str:  5    XL:     3   Next: 50%
Magic:  5/6        EV: 15    Int: 18    God:
Gold:   109        SH:  0    Dex: 15    Spells: 0/6 levels left

rFire   . . .      SeeInvis .    h - +0 dagger
rCold   . . .      Faith    .    (no shield)
rNeg    . . .      Spirit   .    a - +0 robe
rPois   +          Reflect  .    (no helmet)
rElec   .          Harm     .    (no cloak)
rCorr   .          Rampage  .    (no gloves)
Will    .....                    p - +0 pair of boots
Stlth   +++.......               q - amulet of magic regeneration
HPRegen 0.06/turn                k - ring of poison resistance
MPRegen 0.50/turn                (no ring)

@: no status effects
A: small, no large weapons, nightstalker 3
a: no special abilities


You were on level 2 of the Dungeon.
You visited 1 branch of the dungeon, and saw 2 of its levels.

You collected 109 gold pieces.

Inventory:

Hand Weapons
 h - a +0 dagger (weapon)
Armour
 a - a +0 robe (worn)
 p - a +0 pair of boots (worn)
Jewellery
 k - a ring of poison resistance (left hand)
 n - the ring "Veisener" {rC++ Str+3 Dex+6 Stlth-}
   (You found it on level 2 of the Dungeon)

   [ring of dexterity]

   Str:       It affects your strength (+3).
   Dex:       It affects your dexterity (+6).
   rC:        It greatly protects you from cold.
   Stlth:     It makes you less stealthy.
 o - an amulet of reflection
 q - an amulet of magic regeneration (around neck)
Scrolls
 d - a scroll of enchant weapon {unknown}
 e - 2 scrolls of poison {unknown}
 l - a scroll of identify {unknown}
 m - 3 scrolls of blinking {unknown}
Potions
 b - 2 potions of magic
 c - a potion of cancellation {unknown}
 f - a potion of brilliance {unknown}
 g - a potion of lignification {unknown}
 i - a potion of mutation {unknown}
 j - a potion of curing {unknown}


   Skills:
 + Level 0.4 Short Blades
 + Level 2.5 Dodging
 * Level 3.7 Stealth
 + Level 2.3 Spellcasting
 * Level 4.5 Summonings


You couldn't memorise any spells.
You knew the following spells:

 Your Spells              Type           Power      Damage    Failure   Level
a - Summon Small Mammal   Summ           72%        N/A       2%          1
b - Call Imp              Summ           18%        N/A       4%          2
c - Call Canine Familiar  Summ           18%        N/A       9%          3

Your spell library contained the following spells:

 Spells                   Type           Power      Damage    Failure   Level
 Summon Guardian Golem    Hex/Summ       10%        N/A       21%         3
 Sublimation of Blood     Necr           2%         N/A       26%         2
 Wereblood                Tmut           2%         N/A       26%         2
 Summon Lightning Spire   Summ/Air       10%        N/A       56%         4
 Freezing Cloud           Conj/Ice/Air   1%         6-21      99%         5
 Simulacrum               Ice/Necr       1%         N/A       100%        6
 Summon Hydra             Summ           9%         N/A       100%        7
 Polar Vortex             Ice            1%         N/A       100%        9


Dungeon Overview and Level Annotations

Branches:
Dungeon (2/15)

Altars:

Annotations:
D:2 Sigmund


Innate Abilities, Weirdness & Mutations

You are small and have problems with some larger weapons.
You are completely attuned to the shadows.


Message History

Found a stone staircase leading down.
A hobgoblin is nearby!
Found a scroll labelled QIDIUR GAAT.
The hobgoblin shouts!
The hobgoblin hits you.
You completely miss the hobgoblin. The hobgoblin misses you.
You hit the hobgoblin.
The hobgoblin is heavily wounded.
The hobgoblin closely misses you.
You hit the hobgoblin.
The hobgoblin is heavily wounded.
The hobgoblin misses you.
You hit the hobgoblin.
You kill the hobgoblin!
You see here a hobgoblin corpse.
e - 2 scrolls labelled QIDIUR GAAT (gained 1) Sigmund the Dreaded comes into view.
He is wielding a +0 scythe and wearing a +1 robe of resistance.
Sigmund shouts!
You see here a scroll labelled YQUILI AMIKE.
Casting: Call Imp (safe; 4% risk of failure)
Confirm with . or Enter, or press ? or * to list all spells.
The spell is extremely dangerous to miscast (9% risk of failure)!
Continue anyway?
Sigmund casts a spell.
Sigmund flickers and vanishes!
Deactivating autopickup; reactivate with Ctrl-A.
Casting: Call Canine Familiar (extremely dangerous; 9% risk of failure)
Confirm with . or Enter, or press ? or * to list all spells.
A beastly little devil appears in a puff of frigid air.
Your white imp says, "I'm here!"
A magic dart appears from out of thin air!
The magic dart hits you!
Your hound bites something.
Your hound bites something but does no damage.
Something hits you!
* * * LOW HITPOINT WARNING * * *
Your hound bites something.
Your hound barely misses something.
Your hound barely misses something.
A magic dart appears from out of thin air!
The magic dart hits you.
You die...

.# #.#....# #.# #.#.......#.###
.# #.####.#..#.# #.#########....
.####.#..#<#..#.###...........###
......#..#.#..#...........####...
.........#.#..#.........>.####.##
...........#..#........†.........
#.#...........#...........####.##
#.....#.####.##...........# #...
#.............#.@.........# ####
......#.#######...5.......#
........# #...........# #.####..#
#.####{###### #.####..#
#.#.......# #.#.....# # #.....?.#
#†#.##.## #.......# #<#.##.####
#.......# ..#)......# #.......#


You could see a friendly white imp (summoned).

Vanquished Creatures
  A worm (D:2)
  A dart slug (D:2)
  2 endoplasms
  A giant cockroach (D:1)
  A goblin (D:1)
  3 hobgoblins
  A kobold (D:2)
  A ball python (D:1)
  3 bats
  3 frilled lizards
  6 rats
23 creatures vanquished.

Vanquished Creatures (collateral kills)
  3 goblins (D:1)
  A quokka (D:1)
  A bat (D:1)
  2 kobolds
7 creatures vanquished.

Grand Total: 30 creatures vanquished

Notes
Turn   | Place    | Note
-------+----------+-------------------------------------------
     0 | D:1      | LnG the Kobold Summoner began the quest for the Orb.
     0 | D:1      | Reached XP level 1. HP: 10/10 MP: 3/3
   277 | D:1      | Reached XP level 2. HP: 15/15 MP: 5/5
   280 | D:1      | Learned a level 2 spell: Call Imp
   837 | D:2      | Identified the ring "Veisener" {rC++ Str+3 Dex+6 Stlth-}
   881 | D:2      | Reached XP level 3. HP: 19/19 MP: 6/6
   885 | D:2      | Learned a level 3 spell: Call Canine Familiar
  1681 | D:2      | Noticed Sigmund
  1691 | D:2      | Killed from afar by Sigmund

Illustrated notes

Levels and vault maps discovered:
D:1:      minmay_arrival_solitary_statue, layout_loops_ring
D:2:      layout_basic, uniq_sigmund

Skill      XL: |  1  2 |
---------------+-------+-----
Stealth        | 3 |  3.7
Short Blades   | |  0.4
Dodging        | |  2.5
Spellcasting   | |  2.3
Summonings     | |  4.5

Action                   || total
-------------------------++-------
Melee: Dagger            ||    41
 Cast: Summon Small Mamm ||     6
       Call Imp          ||     7
       Call Canine Famil ||     1
 Stab: Sleeping          ||    18
Armor: Robe              ||     1
Dodge: Dodged            ||    19
Block: Other             ||     3

Table legend: (Time is in decaauts)
 A = Elapsed time spent in this place.
 B = Non-inter-level travel time spent in this place.
 C = Inter-level travel time spent in this place.
 D = Time resting spent in this place.
 E = Time spent auto-exploring this place.
 F = Levels seen in this place.
 G = Mean time per level.
                   A        B        C        D        E       F      G
               +--------+--------+--------+--------+--------+-----+--------+
         Total |   1689 |   1674 |     15 |    233 |   1168 |   2 |  844.5 |
       Dungeon |   1689 |   1674 |     15 |    233 |   1168 |   2 |  844.5 |
               +--------+--------+--------+--------+--------+-----+--------+

Top non-repeatable levels by time:
     D:2: 886 daAuts
     D:1: 803 daAuts
